 Dungeon Crawl Stone Soup version 0.20.1-1-g8b1a95d (webtiles) character file.

347 Mitsuki the Skirmisher (level 6, -1/56 HPs)
             Began as a Hill Orc Fighter on Oct 13, 2017.
             Was a Follower of Okawaru.
             Killed by nerve-wracking pain
             ... invoked by a shadow imp
              (14 damage)
             ... on level 4 of the Dungeon.
             The game lasted 00:09:38 (4187 turns).

Mitsuki the Skirmisher (Hill Orc Fighter)           Turns: 4187, Time: 00:09:39

Health: -1/56      AC: 10    Str: 21    XL:     6   Next: 59%
Magic:  7/7        EV:  5    Int:  8    God:    Okawaru [*.....]
Gold:   179        SH: 10    Dex: 13    Spells: 5/5 levels left

rFire    + . .     SeeInvis .   a - +0 long sword
rCold    . . .     Gourm    .   c - +0 shield
rNeg     . . .     Faith    .   e - +0 chain mail
rPois    .         Spirit   .   (no helmet)
rElec    .         Reflect  .   d - +0 cloak
rCorr    .         Harm     .   (no gloves)
MR       .....                  (no boots)
Stlth    ..........             (no amulet)
Regen    0.2/turn               h - +3 ring of dexterity
MPRegen  0.1/turn               x - ring of protection from fire

@: very slow
A: no striking features
a: Heroism, Renounce Religion, Convert to Beogh


You were on level 4 of the Dungeon.
You worshipped Okawaru.
Okawaru was aware of your devotion.
You were not hungry.

You visited 1 branch of the dungeon, and saw 4 of its levels.

You collected 179 gold pieces.

Inventory:

Hand Weapons
 a - a +0 long sword (weapon)
Armour
 c - a +0 shield (worn)
 d - a +0 cloak (worn)
 e - a +0 chain mail (worn)
Jewellery
 h - a +3 ring of dexterity (left hand)
 q - an uncursed ring of ice
 x - a ring of protection from fire (right hand)
Wands
 A - a wand of flame (17/48)
Scrolls
 b - a scroll of amnesia {unknown}
 j - 5 scrolls of identify {unknown}
 m - 4 scrolls of remove curse {unknown}
 n - a scroll of teleportation {unknown}
 o - a scroll of blinking {unknown}
 u - a scroll of recharging {unknown}
 y - a scroll of random uselessness {unknown}
Potions
 g - 2 potions of might
 i - a potion of mutation {unknown}
 l - a potion of magic {unknown}
 p - 2 potions of lignification {unknown}
 s - 2 potions of berserk rage {unknown}
 t - 3 potions of curing {unknown}
 v - a potion of haste {unknown}
Books
 w - a book of Necromancy

   Spells                             Type                      Level
   a - Pain                           Necromancy                   1
   b - Animate Skeleton               Necromancy                   1
   c - Vampiric Draining              Necromancy                   3
   d - Regeneration                   Charms/Necromancy            3
   e - Animate Dead                   Necromancy                   4
   f - Control Undead                 Necromancy                   4
Comestibles
 f - 6 bread rations
 k - 3 meat rations
 r - 3 fruits
 z - a chunk of flesh


   Skills:
 + Level 5.4 Fighting
 + Level 3.8 Long Blades
 + Level 4.8 Armour
 + Level 4.6 Shields
 + Level 1.8 Invocations


You had 5 spell levels left.
You didn't know any spells.

Dungeon Overview and Level Annotations

Branches:
Dungeon (4/15)
 Temple: D:4-7

Altars:
Fedhas
Hepliaklqana
Okawaru
Ru
Sif Muna
Uskayaw
Vehumet
The Shining One

Annotations:
D:4 1 transporter


Message History

A - a wand of flame (?/48)
You open the door.
The orc priest looks encouraged for a moment.
The shadow imp summons a swarm of flies.
There is an open door here.
The orc priest invokes the aid of Beogh against you.
Beogh smites you!
The orc priest begins to cast a cantrip, but forgets the words!
The shadow imp gestures at you. Pain shoots through your body!
You enter the shallow water.
Moving in this stuff is going to be slow.
The shadow imp gestures at you. Pain shoots through your body!
The orc priest mumbles some strange prayers to Beogh against you.
Pain shoots through your body!
* * * LOW HITPOINT WARNING * * *
The shadow imp gestures at you. Pain shoots through your body!
You die...

'#######.###.....©......###.#..#)
.............#########..# #.#..#.
###########..#8P...P8#..###.#..#.
#..#P.....P#........... ######
#..####'####...#.......
####....###..#5≈...≈o#...........
#..+....'....#5≈...≈.#......#....
#.##....###..#o≈≈≈≈≈5#......#....
#.##....###..#.≈@♣≈≈.#......#.#..
#.#####......#.≈≈≈≈≈.#...........
#.#####......#.≈...≈.#...........
#.....'......#.≈...≈.#.......)...
.....##......####+####...........
.....####'#..#P..[..≈#.....##.#..
.....####.#..#8P$©$P8#...#..#.#..
.....#.##.#..#########...........
.....#.##.#......................


You could see 2 orc priests and 3 shadow imps.

Vanquished Creatures
  An ogre (D:4)
  The ghost of Turtleman12345 the Conjurer, an amateur DECj (D:3)
  Crazy Yiuf (D:3)
  2 orc wizards (D:3)
  2 adders (D:3)
  2 oozes (D:2)
  A worm (D:4)
  4 dart slugs
  4 leopard geckos
  5 orcs (D:3)
  2 ball pythons
  2 giant cockroaches
  5 hobgoblins
  5 jackals
  2 quokkas
  10 bats
  2 frilled lizards
  7 goblins
  A jackal skeleton (D:4)
  9 kobolds
  6 rats
  2 fungi (D:3)
76 creatures vanquished.

Notes
Turn   | Place    | Note
-------+----------+-------------------------------------------
     0 | D:1      | Mitsuki the Hill Orc Fighter began the quest for the Orb.
     0 | D:1      | Reached XP level 1. HP: 19/19 MP: 1/1
   117 | D:1      | Reached XP level 2. HP: 27/27 MP: 2/2
   830 | D:2      | Reached skill level 4 in Fighting
   835 | D:2      | Reached XP level 3. HP: 33/33 MP: 3/3
   849 | D:2      | Found a hide-covered altar of Uskayaw.
   850 | D:2      | Found an iron altar of Okawaru.
   850 | D:2      | Found a hazy altar of Hepliaklqana.
   850 | D:2      | Found a deep blue altar of Sif Muna.
   854 | D:2      | Became a worshipper of Warmaster Okawaru
   861 | D:2      | Found a glowing golden altar of the Shining One.
   861 | D:2      | Found a blossoming altar of Fedhas.
  1493 | D:3      | Reached XP level 4. HP: 9/41 MP: 4/4
  1885 | D:3      | Noticed Turtleman12345's ghost (amateur DECj)
  1893 | D:3      | Killed Turtleman12345's ghost
  1893 | D:3      | Reached * piety under Okawaru
  1893 | D:3      | Reached XP level 5. HP: 22/47 MP: 5/5
  2131 | D:3      | Found a sacrificial altar of Ru.
  2136 | D:3      | Reached skill level 5 in Fighting
  2719 | D:3      | You fall through a shaft!
  2816 | D:3      | Reached skill level 1 in Invocations
  3028 | D:3      | Found a runed door.
  3032 | D:3      | Noticed Crazy Yiuf
  3039 | D:3      | Killed Crazy Yiuf
  3039 | D:3      | Reached XP level 6. HP: 39/56 MP: 5/7
  3407 | D:4      | Found a transporter.
  3491 | D:4      | Found a transporter.
  3789 | D:4      | Found a radiant altar of Vehumet.
  4187 | D:4      | Killed from afar by a shadow imp

Skill      XL: |  1  2  3  4  5 |
---------------+----------------+-----
Fighting       | 4 5 |  5.4
Armour         | 4 |  4.8
Long Blades    | 3 |  3.8
Shields        | 4 |  4.6
Invocations    | 1 |  1.8

Action                   |  1- 3 |  4- 6 || total
-------------------------+-------+-------++-------
Melee: Long sword        |   121 |   117 ||   238
Invok: Heroism           |       |     1 ||     1
  Use: Potion            |     1 |     2 ||     3
  Eat: Chunk             |     2 |     7 ||     9
       Royal jelly       |       |     1 ||     1
Armor: Chain mail        |    80 |    32 ||   112
Dodge: Dodged            |    29 |    26 ||    55
Block: Shield            |    57 |    40 ||    97
       Rpst.: Long sword |     6 |     8 ||    14
